 Dungeon Crawl Stone Soup version 0.30-a0-986-g7f2e898f52 (webtiles) character file.

Game seed: 15566580571188085818

18 DeathPants the Magician (level 2, -3/14 HPs)
             Began as a Vine Stalker Wanderer on Apr 1, 2023.
             Slain by an adder (4 damage)
             ... on level 2 of the Dungeon.
             The game lasted 00:03:47 (905 turns).

DeathPants the Magician (Vine Stalker Wanderer)      Turns: 905, Time: 00:03:48

Health: -3/14      AC:  3    Str: 10    XL:     2   Next: 70%
Magic:  0/6        EV: 11    Int: 10    God:
Gold:   89         SH:  0    Dex: 19    Spells: 3/5 levels left

rFire   . . .      SeeInvis .    a - +0 long sword
rCold   . . .      Faith    .    (no shield)
rNeg    . . .      Spirit   +    d - +0 robe
rPois   .          Reflect  .    (no helmet)
rElec   .          Rampage  .    (no cloak)
rCorr   .                        (no gloves)
Will    .....                    b - +0 pair of boots
Stlth   ++                       (no amulet)
HPRegen 0.22/turn                (no ring)
MPRegen 0.10/turn                (no ring)

@: lethally poisoned (-3 -> -5)
A: fangs 2, magic shield, antimagic bite, no potion heal 2
a: no special abilities


You were on level 2 of the Dungeon.
You visited 1 branch of the dungeon, and saw 2 of its levels.

You collected 89 gold pieces.

Inventory:

Hand Weapons
 a - a +0 long sword (weapon)
Missiles
 j - 3 poisoned darts (quivered)
Armour
 b - a +0 pair of boots (worn)
 d - a +0 robe (worn)
 f - a scarf of invisibility
 g - a +0 pair of boots
Scrolls
 c - a scroll of vulnerability
 h - a scroll of amnesia {unknown}
 i - a scroll of enchant weapon {unknown}
 l - a scroll of identify {unknown}


   Skills:
 + Level 1.3 Fighting
 - Level 1.7 Long Blades
 - Level 1.0 Armour
 + Level 0.5 Dodging
 - Level 1.8 Stealth
 + Level 2.4 Spellcasting
 + Level 0.0 Air Magic
 + Level 2.2 Poison Magic
 - Level 1.0 Evocations


You had 3 spell levels left.
You knew the following spells:

 Your Spells              Type           Power      Damage    Failure   Level
a - Poisonous Vapours     Pois/Air       6%         N/A       28%         2

Your spell library contained the following spells:

 Spells                   Type           Power      Damage    Failure   Level
 Cigotuvi's Dreadful Rot  Necr/Pois/Air  4%         N/A       32%         2
 Mephitic Cloud           Conj/Pois/Air  2%         N/A       54%         3


Dungeon Overview and Level Annotations

Branches:
Dungeon (2/15)

Altars:


Innate Abilities, Weirdness & Mutations

You have extremely sharp teeth.
When hurt, damage is shared between your health and your magic reserves.
Your bite disrupts and absorbs the magic of your enemies.
Potions cannot restore your health.


Message History

A kobold comes into view. It is wielding a +0 club.
You barely miss the adder. The adder bites you.
You are poisoned.
The adder poisons you! The adder bites you but does no damage.
The kobold shouts!
You slash the adder!
The adder is severely wounded.
You feel sick. The adder bites you but does no damage.
The adder closely misses you.
You closely miss the adder. You bite the adder. You drain its power.
You feel invigorated.
The adder is severely wounded.
You feel sick. The adder bites you. The adder barely misses you.
You miss the adder.
The adder is severely wounded.
You feel sick.
You are no longer poisoned.
The adder bites you.
You are poisoned.
The adder poisons you! The kobold hits you with a +0 whip.
The adder barely misses you.
You barely miss the adder.
The adder is severely wounded.
* * * LOW HITPOINT WARNING * * *
You feel very sick. The adder closely misses you.
It was a potion of heal wounds.
That seemed strangely inert.
* * * LOW HITPOINT WARNING * * *
You feel sick. The adder barely misses you. The kobold closely misses you. x2
A kobold comes into view. It is wielding a +0 short sword.
The adder barely misses you.
It was a potion of magic.
Magic courses through your body.
* * * LOW HITPOINT WARNING * * *
You feel sick.
The kobold misses you. x2; The adder bites you.
You hit the adder. Your bite misses the adder.
The adder is almost dead.
* * * LOW HITPOINT WARNING * * *
You feel sick. The kobold hits you with a +0 club.
The kobold hits you but does no damage. The adder bites you.
You die...

(.....# #####.# ..
#####.### .# #......#
..# ##.##.#.######## ..#
........... ...# ...#
<......#..# ##.###...##.
....#.##..###....K......
.....###.#......@S......
......##..#.#...K.......
..#.#^.#..#.##.###...##.
...............# .#.#
.####.#.######## # ..
.####.#.# .# ......#.# #
#######.### .......## .#


You could see an adder and 2 kobolds.

Vanquished Creatures
  A dart slug (D:1)
  A bat (D:1)
  2 endoplasms
  2 hobgoblins (D:1)
  A quokka (D:2)
  5 ball pythons (D:1)
  2 kobolds (D:1)
  2 rats
16 creatures vanquished.

Notes
Turn   | Place    | Note
-------+----------+-------------------------------------------
     0 | D:1      | DeathPants the Vine Stalker Wanderer began the quest for
                  | the Orb.
     0 | D:1      | DeathPants set off with the following items: a +0 long
                  | sword, a +0 pair of boots, a scroll of vulnerability, a +0
                  | robe; and the following spells available to memorise:
                  | Poisonous Vapours, Cigotuvi's Dreadful Rot.
     0 | D:1      | Reached XP level 1. HP: 10/10 MP: 4/4
   155 | D:1      | Reached XP level 2. HP: 14/14 MP: 4/6
   710 | D:1      | Learned a level 2 spell: Poisonous Vapours
   905 | D:2      | Slain by an adder

Illustrated notes

Levels and vault maps discovered:
D:1:      wheals_arrival_linesprint, layout_rooms, minmay_pentomino_o4
D:2:      layout_loops_cross

Action                     || total
---------------------------++-------
  Melee: Long sword        ||    45
         Bite              ||     6
    Use: Potion            ||     2
   Stab: Sleeping          ||     5
 Armour: Robe              ||    16
  Dodge: Dodged            ||    47

Table legend: (Time is in decaauts)
 A = Elapsed time spent in this place.
 B = Non-inter-level travel time spent in this place.
 C = Inter-level travel time spent in this place.
 D = Time resting spent in this place.
 E = Time spent auto-exploring this place.
 F = Levels seen in this place.
 G = Mean time per level.
                   A        B        C        D        E       F      G
               +--------+--------+--------+--------+--------+-----+--------+
         Total |    919 |    829 |     90 |     16 |    587 |   2 |  459.5 |
       Dungeon |    919 |    829 |     90 |     16 |    587 |   2 |  459.5 |
               +--------+--------+--------+--------+--------+-----+--------+

Top non-repeatable levels by time:
     D:1: 798 daAuts
     D:2: 120 daAuts
